 Dungeon Crawl Stone Soup version 0.28-a0-863-g8cecda6153 (webtiles) character file.

Game seed: 1481619601277244651

213 sanka the Chopper (level 5, -5/43 HPs)
             Began as a Palentonga Abyssal Knight on Nov 17, 2021.
             Was a Believer of Lugonu.
             Slain by a gnoll (12 damage)
             ... on level 5 of the Dungeon.
             The game lasted 00:05:10 (4193 turns).

sanka the Chopper (Palentonga Abyssal Knight)       Turns: 4193, Time: 00:05:11

Health: -5/43      AC:  8    Str: 17    XL:     5   Next: 59%
Magic:  6/6        EV:  8    Int: 10    God:    Lugonu [**....]
Gold:   181        SH:  3    Dex: 11    Spells: 4/4 levels left

rFire   + . .      SeeInvis +   b - +4 whip (elec)
rCold   + . .      Faith    .   n - +0 buckler
rNeg    . . .      Spirit   .   u - +1 ring mail {rC+}
rPois   .          Reflect  .   m - +0 helmet
rElec   .          Harm     .   l - +0 cloak
rCorr   +          Rampage  .   (no gloves)
Will    .....                   (no barding)
Stlth   +.........              (no amulet)
HPRegen 0.14/turn               s - ring of resist corrosion
MPRegen 0.10/turn               p - ring of protection from fire

@: no status effects
A: large, rugged brown scales 3, see invisible, deformed body, roll 1, armoured
tail
a: Rolling Charge, Renounce Religion, Depart the Abyss, Bend Space


You were on level 5 of the Dungeon.
You worshipped Lugonu.
Lugonu was pleased with you.
You visited 1 branch of the dungeon, and saw 5 of its levels.
You visited the Abyss 1 time.

You collected 181 gold pieces.


Innate Abilities, Weirdness & Mutations

You are completely covered in rugged brown scales. (AC +3, +7% HP)
You have supernaturally acute eyesight. (SInv)
Armour fits poorly on your strangely shaped body.
You can roll at nearby foes to attack.
You have a long armoured tail.


   Skills:
 - Level 3.0 Fighting
 + Level 5.5 Axes
 - Level 1.5 Armour
 - Level 0.7 Dodging
 + Level 1.4 Shields
 - Level 2.0 Invocations


You had 4 spell levels left.
You didn't know any spells.
Your spell library contained the following spells:

 Spells                   Type           Power      Damage    Failure   Level
 Beastly Appendage        Tmut           0%         N/A       63%         1
 Wereblood                Tmut           0%         N/A       77%         2
 Ozocubu's Armour         Ice            0%         N/A       94%         3
 Spider Form              Tmut/Pois      0%         N/A       94%         3
 Metabolic Englaciation   Hex/Ice        0%         N/A       100%        5
 Simulacrum               Ice/Necr       0%         N/A       100%        6

Inventory:

Hand Weapons
 a - a +0 war axe
 b - a +4 whip of electrocution (weapon)
Armour
 l - a +0 cloak (worn)
 m - a +0 helmet (worn)
 n - a +0 buckler (worn)
 u - a +1 ring mail of cold resistance (worn)
Jewellery
 p - a ring of protection from fire (right hand)
 s - a ring of resist corrosion (left hand)
Scrolls
 c - 2 scrolls of fear
 e - 2 scrolls of teleportation {unknown}
 g - 2 scrolls of immolation {!r}
 h - a scroll of fog {unknown}
 i - 2 scrolls of enchant armour
 k - a scroll of blinking {unknown}
 o - a scroll of torment {unknown}
Potions
 f - 6 potions of curing {unknown}
 j - 2 potions of heal wounds {unknown}
 q - a potion of haste {@q3}
 t - a potion of resistance {unknown}

Dungeon Overview and Level Annotations

Branches:
Dungeon (5/15)
 Temple: D:4-7

Altars:

Annotations:
D:3 2 runed translucent doors, t4s4d4r's ghost, weakling DgTm

▒......▒.▒▒ ▒
▒.....▒▒'▒▒▒>
▒.....'......
▒.....▒......
▒.....▒......
.▒▒▒▒+▒▒▒▒▒▒.....▒..▒▒..
.................▒▒▒▒ ..
.........g.......▒ .
.......H.g.......+ .
.................▒
.................▒
▒▒▒▒▒▒▒▒▒▒.....▒▒▒
▒.....▒ ▒.....▒ ▒.....▒
▒.....▒ ▒....▒▒


You could see a gnoll sergeant and a gnoll.


Message History

The gnoll sergeant hits you with a +1 spear of flaming!
Unknown command.
You barely miss the gnoll sergeant.
The gnoll sergeant hits you with a +1 spear of flaming!
You hit the gnoll sergeant but do no damage.
Lightning courses through the gnoll sergeant!
The gnoll sergeant is severely wounded.
The gnoll sergeant hits you with a +1 spear of flaming.
* * * LOW HITPOINT WARNING * * *
The gnoll barely misses you.
You hit the gnoll sergeant but do no damage.
The gnoll sergeant is severely wounded.
The gnoll sergeant hits you with a +1 spear of flaming.
* * * LOW HITPOINT WARNING * * *
The gnoll closely misses you.
You hit the gnoll sergeant but do no damage.
The gnoll sergeant is severely wounded.
The gnoll sergeant hits you but does no damage.
The gnoll hits you but does no damage.
The gnoll sergeant hits you from afar with a +1 spear of flaming!
* * * LOW HITPOINT WARNING * * *
The gnoll sergeant burns you.
* * * LOW HITPOINT WARNING * * *
There is a stone staircase leading up here.
The gnoll sergeant hits you from afar with a +1 spear of flaming.
* * * LOW HITPOINT WARNING * * *
The gnoll sergeant burns you.
* * * LOW HITPOINT WARNING * * *
The gnoll hits you from afar with a +0 halberd!
You die...

Action                   |  1- 3 |  4- 6 || total
-------------------------+-------+-------++-------
Melee: Hand axe          |    87 |    69 ||   156
       Tailslap          |     2 |    14 ||    16
       War axe           |       |    20 ||    20
       Whip              |       |    19 ||    19
 Abil: Rolling Charge    |       |     2 ||     2
  Use: Scroll            |       |     3 ||     3
Armor: Leather armour    |    28 |    37 ||    65
       Ring mail         |       |     5 ||     5
Dodge: Dodged            |    38 |    55 ||    93
Block: Buckler           |       |     2 ||     2

Levels and vault maps discovered:
D:1:      dpeg_arrival_tiny_a, layout_loops_cross,
          dreamdust_ecumenical_altar_grove, minmay_split_cup_large
D:2:      layout_basic, minmay_misc_feat_doors
D:3:      kennysheep_big_flooded_room, layout_basic, ebering_ghost_sewer_f,
          kennysheep_generic_room_8
D:4:      layout_rooms, serial_bayou_lagoon_a
D:5:      layout_gridville

Notes
Turn   | Place    | Note
-------+----------+-------------------------------------------
     0 | Abyss:1  | sanka the Palentonga Abyssal Knight began the quest for the
                  | Orb.
     0 | Abyss:1  | Reached XP level 1. HP: 19/19 MP: 2/2
    20 | D:1      | Escaped the Abyss
   119 | D:1      | Found a faded altar of an unknown god.
   346 | D:1      | Reached XP level 2. HP: 25/25 MP: 3/3
   368 | D:1      | Reached skill level 3 in Axes
   585 | D:1      | Reached ** piety under Lugonu
   586 | D:1      | Reached XP level 3. HP: 30/31 MP: 4/4
  1438 | D:2      | Reached skill level 4 in Axes
  1755 | D:2      | Reached XP level 4. HP: 29/37 MP: 5/5
  2366 | D:3      | Found a runed translucent door.
  2368 | D:3      | Noticed t4s4d4r's ghost (weakling DgTm)
  2431 | D:3      | Found a runed translucent door.
  2730 | D:3      | Reached skill level 5 in Axes
  3520 | D:4      | Reached XP level 5. HP: 42/43 MP: 6/6
  3608 | D:4      | Reached skill level 1 in Shields
  3766 | D:5      | Entered Level 5 of the Dungeon
  4193 | D:5      | Slain by a gnoll

Vanquished Creatures
  A howler monkey (D:4)
  A bullfrog skeleton (D:2)
  2 hound skeletons (D:4)
  2 gnolls (D:4)
  2 adders (D:2)
  A worm (D:2)
  2 dart slugs (D:1)
  2 orcs (D:3)
  5 ball pythons
  6 bats
  7 endoplasms
  4 giant cockroaches
  7 goblins
  4 hobgoblins
  8 jackals
  6 kobolds
  4 quokkas
  2 frilled lizards
  2 rats
68 creatures vanquished.

Vanquished Creatures (others)
  A plant (D:1)
1 creature vanquished.

Grand Total: 69 creatures vanquished
